 Dungeon Crawl Stone Soup version 0.14-a0-2034-gd6cb3fa (webtiles) character file.

1434 Jenx the Cleaver (level 8, -26/71 HPs)
             Began as a Minotaur Fighter on Jan 20, 2014.
             Annihilated by a hill giant
             ... wielding a +0,+0 giant club
              (31 damage)
             ... on Level 6 of the Dungeon.
             The game lasted 00:10:46 (5146 turns).

Jenx the Cleaver (Minotaur Fighter)                 Turns: 5146, Time: 00:10:46

HP -26/71        AC  9     Str 21      XL: 8   Next: 33%
MP   3/3         EV  5     Int  5      God:
Gold 118         SH 19     Dex 12      Spells:  0 memorised,  7 levels left

rFire  . . .     SeeInvis .     a - +2,+1 war axe
rCold  . . .     Clarity  .     g - +0 chain mail
rNeg   . . .     Conserve .     c - +0 shield
rPois  .         rCorr    .     (helmet restricted)
rElec  .         rRot     .     (no cloak)
SustAb . .       Spirit   .     (no gloves)
rMut   .         Warding  .     (no boots)
Saprov . . .     Stasis   .     (no amulet)
MR     .....                    (no ring)
                                (no ring)

@: not resistant to hostile enchantments, extremely unstealthy
A: retaliatory headbutt, horns 2
a: no special abilities


You were on level 6 of the Dungeon.
You were hungry.

You visited 2 branches of the dungeon, and saw 7 of its levels.

You collected 118 gold pieces.

Inventory:

Hand weapons
 a - a +2,+1 war axe (weapon)
Missiles
 n - 3 silver tomahawks (quivered)
 A - 14 darts of flame
Armour
 c - a +0 shield (worn)
 g - a +0 chain mail (worn)
Magical devices
 G - a wand of random effects (15) {unknown}
Comestibles
 d - 2 bread rations
 p - a banana
 s - a choko
 u - 4 meat rations
 v - a slice of pizza
 D - a chunk of goblin flesh
 H - a chunk of centaur flesh
Scrolls
 f - 2 scrolls of identify {unknown}
 h - 2 scrolls of curse armour {unknown}
 i - 2 scrolls of teleportation {unknown}
 k - 2 scrolls of immolation {unknown}
 q - 2 scrolls of remove curse {unknown}
 r - a scroll of curse weapon {unknown}
 w - a scroll of recharging {unknown}
 x - a scroll of enchant weapon I {unknown}
 z - a scroll of enchant armour {unknown}
 C - a scroll of amnesia {unknown}
 J - a scroll of summoning {unknown}
Jewellery
 y - an uncursed ring of invisibility {unknown}
 B - an uncursed amulet of faith {unknown}
Potions
 b - a potion of agility {unknown}
 e - 3 potions of heal wounds {unknown}
 j - 3 potions of curing
 l - a potion of brilliance {unknown}
 m - 2 potions of restore abilities {unknown}
 o - a potion of invisibility {unknown}
 t - a potion of degeneration {unknown}
Books
 F - a book of War Chants

   Spells                             Type                      Level
   Fire Brand                         Charms/Fire                  2
   Freezing Aura                      Charms/Ice                   2
   Shroud of Golubria                 Charms/Translocation         2
   Repel Missiles                     Charms/Air                   2
   Poison Weapon                      Charms/Poison                3
   Regeneration                       Charms/Necromancy            3


   Skills:
 + Level 6.5 Fighting
 - Level 11.0 Axes
 - Level 3.6 Armour
 - Level 3.6 Shields


You had 7 spell levels left.
You didn't know any spells.

Dungeon Overview and Level Annotations

Branches:
Dungeon (6/16)             Temple (1/1) D:5

Altars:
Ashenzari
Cheibriados
Fedhas
Makhleb
Nemelex Xobeh
Okawaru
Sif Muna
Trog
Vehumet
Xom
Yredelemnul
Zin
the Shining One

Annotations:
D:4 exclusion: statue, Prince Ribbit


Innate Abilities, Weirdness & Mutations

You reflexively headbutt those who attack you in melee.
You have a pair of horns on your head.


Message History

You see here a throwing net.
You slice into the net. You slice the net and break free!
You slash the hill giant!
The hill giant is lightly wounded.
You block the hill giant's attack.
You hit the hill giant.
The hill giant is lightly wounded.
The hill giant hits you with a giant club!
You slash the hill giant!
The hill giant is moderately wounded.
The hill giant hits you with a giant club!
Ouch! That really hurt!
* * * LOW HITPOINT WARNING * * *
You slash the hill giant!
The hill giant is heavily wounded.
You slash the hill giant!
The hill giant is heavily wounded.
The hill giant hits you with a giant club!
You die...

#.#.#.#.#.#.# #.#.#.#.#.#.#
#.#.#...#.#.######
#.#.#####.#.##...#
########.#.......#.##.<.###
.......[...#####.#........##
...##......# ..#.#...###...#
#......# #.#.#...# #...#
#......# #.#@#...# #...#
######.# #.C.#.### ##.## #.#
#####.# #.# #.# ..# #.# #.#
##.# #.# . . ..# ..#


You could see a hill giant.

Vanquished Creatures
  Pikel (D:4)
  A sky beast (D:5)
  2 slaves (D:4)
  A centaur (D:5)
  An orc warrior (D:5)
  Blork the orc (D:4)
  A quasit (D:5)
  A crimson imp (D:5)
  A hound (D:4)
  An orc priest (D:4)
  A scorpion (D:5)
  6 orc wizards
  A worker ant (D:4)
  A hound skeleton (D:4)
  4 adders
  2 worms
  An iguana skeleton (D:4)
  5 giant geckos
  3 oozes
  13 orcs
  2 ball pythons (D:3)
  10 bats
  3 giant cockroaches
  11 goblins
  9 hobgoblins
  3 quokkas
  7 giant newts
  A goblin skeleton (D:5)
  A hobgoblin skeleton (D:5)
  8 jackals
  7 kobolds
  10 rats
120 creatures vanquished.

Vanquished Creatures (others)
  The ghost of temujin the Insei, an average DgTm (D:4)
  A statue (D:4)
  A giant gecko skeleton (D:4)
  A giant newt (D:4)
  2 rats (D:4)
6 creatures vanquished.

Grand Total: 126 creatures vanquished

Notes
Turn   | Place    | Note
--------------------------------------------------------------
     0 | D:1      | Jenx, the Minotaur Fighter, began the quest for the Orb.
     0 | D:1      | Reached XP level 1. HP: 19/19 MP: 1/1
   185 | D:1      | Reached XP level 2. HP: 26/26 MP: 1/1
   554 | D:1      | Reached skill level 4 in Axes
   721 | D:1      | Reached XP level 3. HP: 31/31 MP: 2/2
  1308 | D:2      | Reached skill level 5 in Axes
  1770 | D:3      | Reached XP level 4. HP: 33/39 MP: 2/2
  2038 | D:3      | Reached skill level 6 in Axes
  2479 | D:4      | Reached XP level 5. HP: 42/45 MP: 2/2
  2545 | D:4      | Noticed Blork the orc
  2561 | D:4      | Killed Blork the orc
  2561 | D:4      | Reached skill level 7 in Axes
  2577 | D:4      | Noticed a slave
  2606 | D:4      | Killed a slave
  2920 | D:4      | Noticed a slave
  2936 | D:4      | Killed a slave
  2948 | D:4      | Found a radiant altar of Vehumet.
  2948 | D:4      | Noticed a frost-covered statue
  3025 | D:4      | Reached XP level 6. HP: 30/51 MP: 3/3
  3175 | D:4      | Noticed a slave
  3193 | D:4      | Reached skill level 8 in Axes
  3195 | D:4      | Noticed Pikel
  3241 | D:4      | Killed Pikel
  3241 | D:4      | Reached skill level 10 in Axes
  3241 | D:4      | Reached XP level 7. HP: 11/57 MP: 3/3
  3274 | D:4      | Killed a frost-covered statue
  3808 | D:4      | Killed temujin's ghost
  4107 | D:4      | Noticed Prince Ribbit
  4195 | D:4      | Noticed a freed slave
  4300 | D:5      | Entered Level 5 of the Dungeon
  4361 | D:5      | Reached skill level 11 in Axes
  4512 | D:5      | Reached XP level 8. HP: 64/66 MP: 3/3
  4617 | D:5      | Reached skill level 5 in Fighting
  4698 | D:5      | Found a staircase to the Ecumenical Temple.
  4707 | Temple   | Entered the Ecumenical Temple
  5138 | D:6      | Noticed a hill giant
  5146 | D:6      | Annihilated by a hill giant

Action                   |  1- 3 |  4- 6 |  7- 9 || total
-------------------------+-------+-------+-------++-------
Melee: Hand axe          |   148 |   193 |    64 ||   405
       War axe           |       |       |    45 ||    45
Throw: Tomahawk          |       |     1 |     2 ||     3
  Use: Potion            |       |       |     1 ||     1
